 Dungeon Crawl Stone Soup version 0.30-a0-29-g142975f185 (webtiles) character file.

Game seed: 15407439666858924457

94 riojii the Trooper (level 4, -3/40 HPs)
             Began as a Ghoul Fighter on Aug 27, 2022.
             Slain by Crazy Yiuf
             ... wielding a +4 quarterstaff of chaos
              (13 damage)
             ... on level 2 of the Dungeon.
             The game lasted 00:02:13 (2343 turns).

riojii the Trooper (Ghoul Fighter)                  Turns: 2343, Time: 00:02:14

Health: -3/40      AC:  6    Str: 21    XL:     4   Next: 63%
Magic:  3/3        EV:  9    Int:  3    God:
Gold:   121        SH:  4    Dex:  8    Spells: 3/3 levels left

rFire   . . .      SeeInvis .      - Unarmed
rCold   + . .      Faith    .    b - +0 buckler
rNeg    + + +      Spirit   .    a - +0 scale mail
rPois   ∞          Reflect  .    (no helmet)
rElec   .          Harm     .    (no cloak)
rCorr   .          Rampage  .    (no gloves)
Will    .....                    (no boots)
Stlth   ..........               (no amulet)
HPRegen 0.00/turn                (no ring)
MPRegen 0.08/turn                (no ring)

@: inhibited regen
A: claws 1, cold resistance 1, negative energy resistance 3, inhibited
regeneration, torment resistance 2, devour on kill
a: no special abilities


You were on level 2 of the Dungeon.
You visited 1 branch of the dungeon, and saw 4 of its levels.

You collected 121 gold pieces.

Inventory:

Armour
 a - a +0 scale mail (worn)
 b - a +0 buckler (worn)
Scrolls
 f - a scroll of teleportation {unknown}
 k - a scroll of silence {unknown}
Potions
 c - 2 potions of might
 d - 2 potions of curing {unknown}
 e - a potion of attraction {unknown}
 g - a potion of cancellation {unknown}
 h - 2 potions of flight {unknown}
 i - a potion of heal wounds {unknown}
 j - a potion of degeneration {unknown}


   Skills:
 * Level 4.2 Fighting
 + Level 3.1 Armour
 + Level 3.1 Shields
 * Level 3.4 Unarmed Combat


You had 3 spell levels left.
You didn't know any spells.
Your spell library contained the following spells:

 Spells                   Type           Power      Damage    Failure   Level
 Stone Arrow              Conj/Erth      0%         3d7       100%        3
 Animate Armour           Summ/Erth      0%         N/A       100%        4
 Lehudib's Crystal Spear  Conj/Erth      0%         10d2      100%        8


Dungeon Overview and Level Annotations

Branches:
Dungeon (4/15)
 Temple: D:4-7

Altars:

Shops:
D:2 !((==

Annotations:
D:2 Crazy Yiuf
D:3 1 transporter


Innate Abilities, Weirdness & Mutations

You are immune to poison.
You have sharp fingernails.
Your flesh is cold resistant. (rC+)
You are immune to negative energy. (rN+++)
You do not regenerate when monsters are visible.
You are immune to unholy pain and torment.
You thrive by killing the living.


Message History

There is an open door here.
There is an entrance to Maloputtua's Jewellery Boutique here.
You open the door.
There is an open door here.
Crazy Yiuf shouts!
Could not explore, unopened runed door.
Could not explore, unopened runed door.
Could not explore, unopened runed door.
No reachable target in view!
You open the door. You scratch Crazy Yiuf.
Crazy Yiuf is lightly wounded.
You block Crazy Yiuf's attack.
You scratch Crazy Yiuf but do no damage.
Crazy Yiuf is lightly wounded.
Crazy Yiuf hits you with a +4 quarterstaff of chaos!
Crazy Yiuf freezes you.
You scratch Crazy Yiuf but do no damage.
Crazy Yiuf is lightly wounded.
Crazy Yiuf hits you with a +4 quarterstaff of chaos!
Space warps horribly around you.
* * * LOW HITPOINT WARNING * * *
You are too injured to fight recklessly!
You are too injured to fight recklessly!
You are too injured to fight recklessly!
You are too injured to fight recklessly!
You are too injured to fight recklessly!
You are too injured to fight recklessly!
You are too injured to fight recklessly!
You are too injured to fight recklessly!
You are too injured to fight recklessly!
You are too injured to fight recklessly!
You are too injured to fight recklessly!
You are too injured to fight recklessly!
You are too injured to fight recklessly!
You are too injured to fight recklessly!
You scratch Crazy Yiuf but do no damage.
Crazy Yiuf is lightly wounded.
Crazy Yiuf hits you with a +4 quarterstaff of chaos!
You die...

#######
#....#...
#...8....
#..8.8...
#####
#.8...8..
#)..#
#8..∩..8.
#...#
####.8...8..
...
#.##.†8.8...
#g#
#.##...8....
#@##
#.##.####...
##.#
#.......#...
#.##
#######.##..
##.#
#...##.#..≈
##.##
#...##.#.≈≈
##...#
#...##.#.≈≈
#....#
#>..##.#.≈≈
##..##
#...##.#..≈
##....#
#......#⌠..


You could see Crazy Yiuf.

Vanquished Creatures
  4 adders (D:2)
  2 worms (D:2)
  2 dart slugs
  An orc (D:2)
  2 bats
  4 endoplasms
  3 giant cockroaches
  6 goblins
  6 hobgoblins
  2 quokkas
  6 ball pythons
  2 frilled lizards
  A kobold (D:1)
  4 rats
45 creatures vanquished.

Notes
Turn   | Place    | Note
-------+----------+-------------------------------------------
     0 | D:1      | riojii the Ghoul Fighter began the quest for the Orb.
     0 | D:1      | Reached XP level 1. HP: 19/19 MP: 0/0
   111 | D:1      | Reached XP level 2. HP: 18/26 MP: 1/1
   641 | D:1      | Reached XP level 3. HP: 33/33 MP: 2/2
   907 | D:2      | Reached skill level 4 in Fighting
   918 | D:2      | Found Xitio's Jewellery Emporium.
  1111 | D:2      | Found Kyefir's Distillery.
  1133 | D:2      | Found Rubat's Weapon Shoppe.
  1141 | D:2      | Reached XP level 4. HP: 39/40 MP: 3/3
  1262 | D:2      | Found a faded altar of an unknown god.
  1298 | D:2      | Found Wung's Weapon Boutique.
  1358 | D:2      | Found a runed translucent door.
  1359 | D:2      | Noticed Crazy Yiuf
  1821 | D:2      | You fall into a shaft and drop 2 floors!
  1929 | D:3      | Found a transporter.
  2228 | D:2      | Found Maloputtua's Jewellery Boutique.
  2343 | D:2      | Slain by Crazy Yiuf

Illustrated notes

Levels and vault maps discovered:
D:1:      shiori_arrival_oz, layout_loops_ring, minmay_misc_feat_plants
D:2:      minmay_chambers_of_ones, layout_basic, serial_shops,
          nicolae_shop_behind_doors, nicolae_lakefront_shop,
          nicolae_diamond_shop, shop, shop,
          shapermc_ecumenical_altar_flowoftime, palyth_stone_intersect,
          uniq_crazy_yiuf_cottage
D:3:      gammafunk_wand_slinger, layout_basic, grunt_decor_cap
D:4:      layout_basic, uniq_blork_the_orc

Skill      XL: |  1  2  3 |
---------------+----------+-----
Armour         | 3 |  3.1
Unarmed Combat | 3 |  3.4
Fighting       | 4 |  4.2
Shields        | 3 |  3.1

Action                   |  1- 3 |  4- 6 || total
-------------------------+-------+-------++-------
Melee: Unarmed           |   102 |    55 ||   157
  Use: Scroll            |     1 |       ||     1
Armor: Scale mail        |    41 |    17 ||    58
Dodge: Dodged            |    27 |     8 ||    35
Block: Buckler           |    16 |    11 ||    27

Table legend: (Time is in decaauts)
 A = Elapsed time spent in this place.
 B = Non-inter-level travel time spent in this place.
 C = Inter-level travel time spent in this place.
 D = Time resting spent in this place.
 E = Time spent auto-exploring this place.
 F = Levels seen in this place.
 G = Mean time per level.
                   A        B        C        D        E       F      G
               +--------+--------+--------+--------+--------+-----+--------+
         Total |   2339 |   2282 |     57 |      0 |   1991 |   4 |  584.8 |
       Dungeon |   2339 |   2282 |     57 |      0 |   1991 |   4 |  584.8 |
               +--------+--------+--------+--------+--------+-----+--------+

Top non-repeatable levels by time:
     D:2: 1418 daAuts
     D:1: 806 daAuts
     D:3: 110 daAuts
     D:4: 3 daAuts
